 Dungeon Crawl Stone Soup version 0.30.1-11-g7821555f0a (webtiles) character file.

Game seed: 11692786927081172141

887 GordonOverkill the Sneak (level 7, 0/36 HPs)
             Began as a Spriggan Delver on Jan 17, 2024.
             Succumbed to a killer bee's poison
             ... on level 5 of the Dungeon.
             The game lasted 00:09:36 (5463 turns).

GordonOverkill the Sneak (Spriggan Delver)          Turns: 5463, Time: 00:09:36

Health: 0/36       AC:  3    Str: 10    XL:     7   Next: 77%
Magic:  8/8        EV: 17    Int: 11    God:
Gold:   136        SH:  5    Dex: 17    Spells: 6/6 levels left

rFire   . . .        y - +2 dagger (venom)
rCold   . . .        (no shield)
rNeg    . . .        b - +0 robe
rPois   .            (helmet restricted)
rElec   .            l - +0 cloak
rCorr   .            (gloves unavailable)
SInv    +            (boots unavailable)
Will    +....        n - amulet of reflection
Stlth   ++++         (no ring)
HPRegen 0.26/turn    (no ring)
MPRegen 0.11/turn

%: reflection
@: lethally poisoned (0 -> -1), very quick
A: very small, no large weapons, unfitting armour, see invisible, speed 3
a: no special abilities


You were on level 5 of the Dungeon.
You visited 1 branch of the dungeon, and saw 6 of its levels.

You collected 136 gold pieces.

Inventory:

Hand Weapons
 m - a +1 heavy mace
 u - a +0 flail
 y - a +2 dagger of venom (weapon)
 D - a +0 hand axe of flaming
Missiles
 o - 3 poisoned darts (quivered)
Armour
 b - a +0 robe (worn)
 l - a +0 cloak (worn)
Jewellery
 n - an amulet of reflection (around neck)
Wands
 g - a wand of digging (3)
Scrolls
 c - a scroll of fog
 d - a scroll of magic mapping
 e - 2 scrolls of fear
 i - a scroll of teleportation
 j - 3 scrolls of amnesia
 k - 3 scrolls of noise {unknown}
 x - a scroll of immolation {unknown}
 A - a scroll of vulnerability {unknown}
 B - 2 scrolls of identify
Potions
 a - a potion of flight
 f - 2 potions of haste
 h - 2 potions of lignification
 p - a potion of brilliance
 q - 2 potions of curing {unknown}
 r - a potion of degeneration {unknown}
 s - 3 potions of mutation {unknown}
 t - a potion of resistance {unknown}
 v - a potion of attraction {unknown}
 w - 3 potions of cancellation
 z - a potion of ambrosia {unknown}
 C - a potion of heal wounds {unknown}
 E - a potion of invisibility {unknown}


   Skills:
 - Level 3.0 Fighting
 + Level 6.7 Maces & Flails
 - Level 2.6 Dodging
 - Level 7.2 Stealth


You had 6 spell levels left.
You didn't know any spells.
Your spell library contained the following spells:

 Spells                   Type           Power      Damage    Failure   Level
 Ensorcelled Hibernation  Hex/Ice        0%         N/A       47%         2
 Frozen Ramparts          Ice            0%         1d1       71%         3
 Spider Form              Tmut/Pois      0%         N/A       71%         3
 Summon Guardian Golem    Hex/Summ       0%         N/A       71%         3
 Anguish                  Hex/Necr       0%         N/A       98%         4
 Ice Form                 Ice/Tmut       0%         N/A       98%         4
 Summon Ice Beast         Ice/Summ       0%         N/A       98%         4
 Orb of Destruction       Conj           0%         9d5       100%        7
 Spellforged Servitor     Conj/Summ      0%         N/A       100%        7


Dungeon Overview and Level Annotations

Branches:
Dungeon (6/15)
 Temple: D:4-7

Altars:


Innate Abilities, Weirdness & Mutations

You are very small and have problems with some larger weapons.
You are too small for most types of armour.
You have supernaturally acute eyesight. (SInv)
You cover ground extremely quickly. (Speed+++)


Message History

The gnoll is severely wounded.
You kill the gnoll!
A scorpion comes into view.
The gnoll closely misses you. x2
A scorpion comes into view.
The killer bee barely misses you.
You barely miss the killer bee. You block the killer bee's attack.
The gnoll hits you from afar with a +0 halberd!
The gnoll closely misses you. The gnoll hits you but does no damage.
The killer bee stings you.
You are poisoned.
The killer bee poisons you!
You are too injured to fight recklessly!
You are too injured to fight recklessly!
You are too injured to fight recklessly!
You barely miss the killer bee.
You feel sick. The killer bee closely misses you. You block the gnoll's attack.
The gnoll closely misses you. x2
The gnoll bouda barks out a call to the hunt!
The gnolls pick up the pace!
The killer bee misses you.
You closely miss the killer bee.
You feel sick. You block the killer bee's attack. The gnoll barely misses you.
The gnoll completely misses you. The killer bee completely misses you.
You hit the killer bee but do no damage.
The killer bee is poisoned.
You feel sick. The killer bee completely misses you.
The gnoll hits you from afar with a +0 vampiric halberd.
* * * LOW HITPOINT WARNING * * *
The gnoll hits you from afar with a +0 halberd!
* * * LOW HITPOINT WARNING * * *
The killer bee stings you.
* * * LOW HITPOINT WARNING * * *
You hit the killer bee.
The killer bee is heavily wounded.
* * * LOW HITPOINT WARNING * * *
You feel sick. The killer bee misses you. The gnoll misses you. x2
The killer bee closely misses you.
It was a potion of cancellation.
You feel magically purged.
You die... #.......# #####.......# #...........## . #............# .. #............# .$. #........###.# .... ##.####### #.# Ss...

#.# ####.###gg....
#.######.....@ygg....
#.##.....##.###gs....
#.##.....##.# .....
#)##.....##.# ....
#.##....###.# ###
#.#.<#....†)######
##>)................
#.......#...########
#.......#.#.#


You could see a gnoll bouda, 2 scorpions, a killer bee (very poisoned), 4 gnolls
and an adder.

Vanquished Creatures
  Eustachio (D:4)
  A black bear (D:4)
  2 phantoms
  2 scorpions
  2 hounds
  An orc priest (D:4)
  A sleepcap (D:4)
  Jessica (D:2)
  An iguana (D:4)
  An orc wizard (D:3)
  9 gnolls
  5 adders
  11 orcs
  8 ball pythons
  8 bats
  7 endoplasms
  2 giant cockroaches
  7 hobgoblins
  8 jackals
  A quokka (D:1)
  2 frilled lizards (D:1)
  A goblin (D:2)
  4 kobolds
  5 rats
91 creatures vanquished.

Notes
Turn   | Place    | Note
-------+----------+-------------------------------------------
     0 | D:5      | GordonOverkill the Spriggan Delver began the quest for the
                  | Orb.
     0 | D:5      | Reached XP level 1. HP: 11/11 MP: 2/2
     3 | D:6      | Noticed a water moccasin
    22 | D:4      | Noticed a hound
    72 | D:5      | Noticed a black bear
    72 | D:5      | Noticed a phantom
    88 | D:4      | Noticed an orc priest
   162 | D:4      | Noticed Eustachio
   183 | D:3      | Noticed a phantom
   240 | D:2      | Reached XP level 2. HP: 10/16 MP: 3/3
   547 | D:1      | Reached XP level 3. HP: 20/20 MP: 4/4
  1321 | D:2      | Found a faded altar of an unknown god.
  1610 | D:1      | Reached XP level 4. HP: 6/24 MP: 5/5
  1923 | D:2      | Noticed Jessica
  2349 | D:2      | Killed Jessica
  2846 | D:2      | Found a faded altar of an unknown god.
  3327 | D:3      | Reached XP level 5. HP: 28/28 MP: 6/6
  3509 | D:2      | Killed a phantom
  3781 | D:3      | Reached XP level 6. HP: 25/32 MP: 7/7
  4185 | D:4      | Reached skill level 5 in Maces & Flails
  4465 | D:4      | Killed Eustachio
  4466 | D:4      | Reached XP level 7. HP: 36/36 MP: 8/8
  5462 | D:5      | HP: 1/36 [poisoned by a killer bee]
  5463 | D:5      | Succumbed to a killer bee's poison

Illustrated notes

Levels and vault maps discovered:
D:1:      kennysheep_arrival_seaside, layout_rooms
D:2:      layout_loops_corners, ebering_ecumenical_altar_rust, uniq_jessica
D:3:      layout_rooms
D:4:      layout_basic, uniq_eustachio
D:5:      layout_basic, minmay_manual_moon
D:6:      layout_loops_ring, minmay_a_box_with_orc_wizards_in_it

Skill      XL: |  1  2  3  4  5  6  7 |
---------------+----------------------+-----
Fighting       | 3 |  3.0
Maces & Flails | 2 3 4 5 6 |  6.7
Dodging        | |  2.6
Stealth        | |  7.2

Action                     |  1- 3 |  4- 6 |  7- 9 || total
---------------------------+-------+-------+-------++-------
  Melee: Mace              |   130 |    40 |       ||   170
         Punch             |     1 |       |     2 ||     3
         Flail             |       |    26 |       ||    26
         Dagger            |       |    70 |    97 ||   167
  Throw: Dart              |     3 |     7 |     2 ||    12
    Use: Scroll            |     3 |     3 |       ||     6
         Potion            |       |     1 |     1 ||     2
   Stab: Sleeping          |    14 |     7 |     1 ||    22
         Distracted        |     1 |       |     1 ||     2
 Armour: Robe              |    24 |    19 |     7 ||    50
  Dodge: Dodged            |   124 |   126 |    78 ||   328
  Block: Other             |     2 |    31 |    23 ||    56
         Reflection        |       |       |     1 ||     1
